Map: Dusk Towers

Players

Jeongle

  • Race: Protoss Protoss

WildCatBrown - Winner!

  • Race: Protoss Protoss
  • League: Bronze

VOD

Have the link to the VOD?

Description

Time

  • Played on: Jan. 4, 2016, 11:31 a.m.
  • Length: 5:21
Show
View Real Time Build Order
Export as new Build Order

Jeongle Protoss 

Build Orders: Double Forge 

Get SALT Encoding   

  12  0:01  Probe (Chrono Boost)  
  13  0:14  Pylon  
  13  0:18  Probe (Chrono Boost)  
  14  0:32  Gateway  
  14  0:35  Probe (Chrono Boost)  
  15  0:40  Assimilator  
  15  0:45  Probe (Chrono Boost)  
  16  0:52  Assimilator  
  16  0:56  Probe (Chrono Boost)  
  17  1:07  Probe (Chrono Boost)  
  18  1:12  Pylon  
  18  1:17  Probe (Chrono Boost)  
  19  1:20  Cybernetics Core  
  19  1:28  Probe (Chrono Boost)  
  20  1:56  Adept  
  22  2:03  Probe (Chrono Boost)  
  23  2:23  Adept (Chrono Boost)  
  23  2:29  Robotics Facility  
  25  2:33  Probe (Chrono Boost)  
  26  2:44  Probe (Chrono Boost)  
  27  2:50  Adept (Chrono Boost)  
  29  2:58  Pylon  
  29  3:03  Nexus  
  29  3:09  Forge  
  29  3:11  Pylon  
  29  3:13  Probe  
  29  3:16  Adept (Chrono Boost)  
  34  3:27  Warp Prism (Chrono Boost)  
  34  3:55  Probe  
  35  4:07  Probe  
  35  4:09  Forge  
  36  4:25  Gateway  
  36  4:26  Probe x2  
  38  4:37  Probe  
  38  4:38  Probe  
Show
View Real Time Build Order
Export as new Build Order

WildCatBrown Protoss - Winner!

Build Orders: 1 Gate Expand 

Get SALT Encoding   

  12  0:01  Probe (Chrono Boost)  
  13  0:11  Probe (Chrono Boost)  
  14  0:20  Pylon  
  14  0:22  Probe (Chrono Boost)  
  15  0:38  Probe (Chrono Boost)  
  16  0:45  Gateway  
  16  0:48  Probe (Chrono Boost)  
  16  0:49  Assimilator  
  17  0:59  Probe (Chrono Boost)  
  18  1:10  Probe (Chrono Boost)  
  19  1:24  Nexus  
  19  1:27  Probe (Chrono Boost)  
  20  1:37  Probe (Chrono Boost)  
  21  1:44  Cybernetics Core  
  21  1:48  Probe (Chrono Boost)  
  22  1:58  Probe (Chrono Boost)  
  23  2:04  Gateway  
  23  2:07  Pylon  
  23  2:09  Assimilator  
  23  2:25  Probe (Chrono Boost), Warp Gate  
  24  2:36  Mothership Core (Chrono Boost), Probe (Chrono Boost)  
  27  2:43  Adept  
  28  2:47  Probe (Chrono Boost)  
  29  2:54  Probe (Chrono Boost)  
  30  3:00  Probe (Chrono Boost)  
  30  3:03  Adept  
  33  3:14  Gateway  
  33  3:16  Probe (Chrono Boost)  
  33  3:17  Probe (Chrono Boost)  
  35  3:20  Assimilator  
  35  3:24  Pylon  
  36  3:27  Probe (Chrono Boost)  
  36  3:34  Probe (Chrono Boost)  
  37  3:35  Robotics Facility  
  37  3:37  Adept  
  37  3:38  Stalker  
  41  3:56  Pylon  
  41  4:00  Probe x2 (Chrono Boost)  
  43  4:03  Stalker  
  45  4:11  Probe x2 (Chrono Boost)  
  47  4:21  Probe x2 (Chrono Boost)  
  49  4:24  Observer  
  49  4:25  Pylon  
  50  4:33  Stalker  
  52  4:39  Stalker x2  
  52  4:43  Gateway  
  52  4:45  Gateway  
  50  5:06  Probe x2 (Chrono Boost)  
  49  5:09  Stalker x2  
Tags
 
Add a new tag
Caveats
  • Supply blocks, unpowered buildings, or Contaminate may cause inaccurate times.
  • Supply counts are checked every 10 seconds.